 Dungeon Crawl Stone Soup version 0.29-a0-41-g89e12c0570 (webtiles) character file.

Game seed: 5974867619397541649

92 Destapler the Magician (level 4, -2/24 HPs)
             Began as a Deep Elf Hedge Wizard on Feb 2, 2022.
             Killed from afar by Ijyb (18 damage)
             ... with an iceblast
             ... on level 3 of the Dungeon.
             The game lasted 00:09:25 (3712 turns).

Destapler the Magician (Deep Elf Hedge Wizard)      Turns: 3712, Time: 00:09:27

Health: -2/24      AC:  3    Str:  7    XL:     4   Next: 35%
Magic:  1/12       EV: 13    Int: 21    God:
Gold:   86         SH:  0    Dex: 14    Spells: 4/12 levels left

rFire   . . .      SeeInvis .   a - +0 dagger (protect)
rCold   . . .      Faith    .   (no shield)
rNeg    . . .      Spirit   .   h - +0 robe
rPois   .          Reflect  .   c - +0 hat
rElec   .          Harm     .   (no cloak)
rCorr   .          Rampage  .   (no gloves)
Will    .....                   e - +0 pair of boots
Stlth   ++........              i - amulet of regeneration
HPRegen 0.88/turn               (no ring)
MPRegen 0.13/turn               (no ring)

@: very slightly contaminated
A: no striking features
a: no special abilities


You were on level 3 of the Dungeon.
You visited 1 branch of the dungeon, and saw 3 of its levels.

You collected 86 gold pieces.

Inventory:

Hand Weapons
 a - a +0 dagger of protection (weapon)
 b - a +1 dagger of holy wrath
 d - a +1 vampiric whip
 g - a +0 dagger of venom
Armour
 c - a +0 hat (worn)
 e - a +0 pair of boots (worn)
 h - a +0 robe (worn)
Jewellery
 i - an amulet of regeneration (around neck)
Scrolls
 f - 3 scrolls of magic mapping {unknown}
 l - a scroll of teleportation {unknown}
 m - a scroll of blinking {unknown}
Potions
 j - 2 potions of resistance {unknown}
 k - a potion of mutation {unknown}


   Skills:
 + Level 0.7 Fighting
 + Level 1.1 Short Blades
 - Level 3.0 Dodging
 + Level 3.1 Stealth
 + Level 4.7 Spellcasting
 + Level 1.6 Conjurations
 + Level 1.9 Summonings
 + Level 1.9 Translocations
 + Level 0.2 Air Magic
 + Level 0.5 Poison Magic


You had 4 spell levels left.
You knew the following spells:

 Your Spells              Type           Power      Damage    Failure   Level
a - Magic Dart            Conj           48%        1d5       5%          1
c - Mephitic Cloud        Conj/Pois/Air  8%         N/A       24%         3
i - Call Imp              Summ           13%        N/A       8%          2
B - Blink                 Tloc           24%        N/A       8%          2

Your spell library contained the following spells:

 Spells                   Type           Power      Damage    Failure   Level
 Slow                     Hex            16%        N/A       11%         1
 Conjure Flame            Conj/Fire      8%         6-21      24%         3


Dungeon Overview and Level Annotations

Branches:
Dungeon (3/15)

Altars:

Annotations:
D:3 Ijyb


Message History

A kobold comes into view. It is wielding a +0 club.
The magic dart hits the kobold.
You kill the kobold!
Ijyb the Twisted Goblin comes into view.
She is wielding a +0 club and carrying a wand of iceblast (11).
The magic dart hits Ijyb.
Ijyb is lightly wounded.
Casting: Magic Dart (safe; 5% risk of failure)
Confirm with . or Enter, or press ? or * to list all spells.
You can't see any susceptible monsters within range! (Use Z to cast anyway.)
Casting: Magic Dart (safe; 5% risk of failure)
Confirm with . or Enter, or press ? or * to list all spells.
The spell is extremely dangerous to miscast (24% risk of failure)!
Continue anyway?
Aiming: Mephitic Cloud (extremely dangerous; 24% risk of failure)
Press: ? - help, Shift-Dir - straight line, p - Ijyb
Okay, then.
Casting: Mephitic Cloud (extremely dangerous; 24% risk of failure)
Confirm with . or Enter, or press ? or * to list all spells.
A beastly little devil appears in a puff of frigid air.
Your white imp says, "Let's cause mayhem!"
Casting: Call Imp (safe; 8% risk of failure)
Confirm with . or Enter, or press ? or * to list all spells.
The spell is extremely dangerous to miscast (24% risk of failure)!
Continue anyway?
Aiming: Mephitic Cloud (extremely dangerous; 24% risk of failure)
Press: ? - help, Shift-Dir - straight line, p - Ijyb You miscast Mephitic Cloud.
You are very lightly contaminated with residual magic.
Nothing appears to happen.
Ijyb zaps a wand.
The mass of ice explodes!
The iceblast engulfs you!
You hear a shout!
You hear an angry hiss.
Casting: Mephitic Cloud (extremely dangerous; 24% risk of failure)
Confirm with . or Enter, or press ? or * to list all spells.
The spell is extremely dangerous to miscast (24% risk of failure)!
Continue anyway?
Aiming: Mephitic Cloud (extremely dangerous; 24% risk of failure)
Press: ? - help, Shift-Dir - straight line The ball explodes into a vile cloud!
The stinking cloud engulfs Ijyb but does no damage.
Ijyb is lightly wounded.
Ijyb zaps a wand.
The mass of ice explodes!
The iceblast engulfs you!!
Ouch! That really hurt!
You die...

#### ..#
#.# #@#
#..)○☼g..
#.5.☼§☼..
..#.##.+#
...#. ..
##.. ..
#.# #.
#.. .)


You could see Ijyb (ally target) and a friendly white imp (summoned).

Vanquished Creatures
  Robin (D:1)
  2 adders (D:2)
  A gnoll (D:1)
  2 ball pythons
  2 endoplasms (D:2)
  A giant cockroach (D:2)
  15 goblins
  10 hobgoblins
  2 quokkas
  3 bats
  4 frilled lizards
  5 kobolds
  2 rats
50 creatures vanquished.

Notes
Turn   | Place    | Note
-------+----------+-------------------------------------------
     0 | D:1      | Destapler the Deep Elf Hedge Wizard began the quest for the
                  | Orb.
     0 | D:1      | Reached XP level 1. HP: 10/10 MP: 7/7
   378 | D:1      | Reached XP level 2. HP: 15/15 MP: 6/9
   848 | D:1      | Learned a level 2 spell: Blink
   851 | D:1      | Learned a level 2 spell: Call Imp
  1459 | D:1      | Reached XP level 3. HP: 20/20 MP: 7/11
  1685 | D:2      | Noticed Robin
  2555 | D:1      | Killed Robin
  2556 | D:1      | Reached skill level 1 in Short Blades
  2887 | D:2      | Learned a level 3 spell: Mephitic Cloud
  3186 | D:2      | Reached XP level 4. HP: 24/24 MP: 4/12
  3708 | D:3      | Noticed Ijyb
  3712 | D:3      | Killed from afar by Ijyb

Illustrated notes

Levels and vault maps discovered:
D:1:      minmay_arrival_loop, layout_basic, serial_bayou_pond_c,
          chequers_big_river
D:2:      layout_basic, serial_glass, glass_columns_a, glass_columns_a,
          item_on_display_b, item_on_display_a, minmay_strange_pillars,
          minmay_strange_pillars, minmay_ruptured, uniq_robin
D:3:      layout_loops_ring, trog_wizard, hellmonk_ecumenical_altar_blasted,
          uniq_jessica, uniq_ijyb

Skill      XL: |  1  2  3  4 |
---------------+-------------+-----
Stealth        | 3 |  3.1
Short Blades   | 1 |  1.1
Dodging        | 3 |  3.0
Fighting       | |  0.7
Spellcasting   | |  4.7
Conjurations   | |  1.6
Summonings     | |  1.9
Translocations | |  1.9
Air Magic      | |  0.2
Poison Magic   | |  0.5

Action                   |  1- 3 |  4- 6 || total
-------------------------+-------+-------++-------
Melee: Whip              |    14 |       ||    14
       Punch             |     1 |       ||     1
       Dagger            |    10 |     8 ||    18
 Cast: Magic Dart        |   105 |    18 ||   123
       Blink             |     5 |     1 ||     6
       Mephitic Cloud    |       |     1 ||     1
       Call Imp          |       |     1 ||     1
  Use: Scroll            |     1 |       ||     1
 Stab: Sleeping          |     1 |     1 ||     2
Armor: Robe              |     7 |     4 ||    11
Dodge: Dodged            |    53 |     3 ||    56

Table legend: (Time is in decaauts)
 A = Elapsed time spent in this place.
 B = Non-inter-level travel time spent in this place.
 C = Inter-level travel time spent in this place.
 D = Time resting spent in this place.
 E = Time spent auto-exploring this place.
 F = Levels seen in this place.
 G = Mean time per level.
                   A        B        C        D        E       F      G
               +--------+--------+--------+--------+--------+-----+--------+
         Total |   3736 |   3674 |     62 |   1098 |   2125 |   3 | 1245.3 |
       Dungeon |   3736 |   3674 |     62 |   1098 |   2125 |   3 | 1245.3 |
               +--------+--------+--------+--------+--------+-----+--------+

Top non-repeatable levels by time:
     D:1: 2804 daAuts
     D:2: 924 daAuts
     D:3: 7 daAuts
